 Dungeon Crawl Stone Soup version 0.30-a0-50-gb2d611f6b1 (webtiles) character file.

Game seed: 4438701011164779789

1507 BritishOli the Trooper (level 8, -3/59 (67) HPs)
             Began as a Demonspawn Fighter on Sept 5, 2022.
             Was an Initiate of Okawaru.
             Slain by a wight
             ... wielding a +4 morningstar
              (5 damage)
             ... on level 7 of the Dungeon.
             The game lasted 00:18:19 (7252 turns).

BritishOli the Trooper (Demonspawn Fighter)         Turns: 7252, Time: 00:18:19

HP:   -3/59 (67)    AC:  8    Str: 20    XL:     8   Next: 52%
MP:   8/8           EV:  9    Int:  9    God:    Okawaru [......]
Gold: 413           SH:  5    Dex: 12    Spells: 7/7 levels left

rFire   . . .      SeeInvis .    w - +3 long sword
rCold   . . .      Faith    .    c - +0 buckler
rNeg    . . .      Spirit   .    b - +0 scale mail
rPois   .          Reflect  .    (helmet restricted)
rElec   .          Harm     .    (no cloak)
rCorr   .          Rampage  .    m - +0 pair of gloves
Will    .....                    (no boots)
Stlth   ..........               (no amulet)
HPRegen 0.19/turn                i - ring of flight
MPRegen 0.11/turn                (no ring)

@: flying, heavily drained
A: horns 1, foul stench 2, powered by death 1, demonic touch 2
a: Renounce Religion


You were on level 7 of the Dungeon.
You worshipped Okawaru.
Okawaru was noncommittal.
You visited 2 branches of the dungeon, and saw 8 of its levels.
You also visited: Sewer and Ossuary.

You collected 413 gold pieces.

Inventory:

Hand Weapons
 w - a +3 long sword (weapon)
Missiles
 r - 2 throwing nets (quivered)
 H - 3 javelins
Armour
 b - a +0 scale mail (worn)
 c - a +0 buckler (worn)
 m - a +0 pair of gloves (worn)
Jewellery
 i - a ring of flight (left hand)
 z - a ring of wizardry
Wands
 B - a wand of light (11)
Scrolls
 e - a scroll of immolation {unknown}
 f - 3 scrolls of enchant weapon {unknown}
 h - a scroll of magic mapping {unknown}
 j - a scroll of butterflies {unknown}
 k - 9 scrolls of identify
 n - 2 scrolls of teleportation
 o - 2 scrolls of poison {unknown}
 q - a scroll of fear {unknown}
 t - 2 scrolls of blinking {unknown}
 v - a scroll of silence {unknown}
 x - a scroll of vulnerability {unknown}
 y - a scroll of enchant armour {unknown}
 A - 2 scrolls of acquirement {unknown}
 C - a scroll of noise {unknown}
Potions
 a - a potion of resistance {unknown}
 d - 4 potions of might
 g - 3 potions of heal wounds {unknown}
 l - 7 potions of curing {unknown}
 p - a potion of magic {unknown}
 s - 3 potions of cancellation {unknown}
 u - 2 potions of flight {unknown}
 D - 2 potions of degeneration {unknown}
 E - a potion of brilliance
 F - 2 potions of invisibility
 G - a potion of haste {unknown}


   Skills:
 + Level 7.4 Fighting
 + Level 6.4 Long Blades
 - Level 4.0 Armour
 - Level 4.0 Shields


You had 7 spell levels left.
You didn't know any spells.
Your spell library contained the following spells:

 Spells                   Type           Power      Damage    Failure   Level
 Magic Dart               Conj           0%         1d3       83%         1
 Searing Ray              Conj           0%         2d4       92%         2
 Airstrike                Air            0%         2d(0-16)  100%        4
 Fulminant Prism          Conj/Hex       0%         3d6       100%        4
 Lightning Bolt           Conj/Air       0%         1d11      100%        5
 Summon Lightning Spire   Summ/Air       Unusable   N/A       N/A         4

Dungeon Overview and Level Annotations

Branches:
Dungeon (7/15)             Temple (1/1) D:5           Sewer (visited)
Ossuary (visited)

Altars:
Ashenzari
Cheibriados
Fedhas
Kikubaaqudgha
Makhleb
Okawaru
Qazlal
Ru
Sif Muna
Uskayaw
Wu Jian
Xom

Shops:
D:3 =

Annotations:
D:2 1 runed translucent door, Crazy Yiuf
D:6 Dowan, Duvessa, Grinder, Sigmund


Innate Abilities, Weirdness & Mutations

You have a pair of small horns on your head.
You sometimes emit foul miasma when damaged in melee.
You regenerate a little health from kills.
Your touch may inflict irresistible damage on your foes.


Message History

2 wights come into view.
Found a stone staircase leading down.
Found an escape hatch in the floor.
There is a stone staircase leading up here.
Found 8 gold pieces.
There is an escape hatch in the floor here.
A wight comes into view. It is wielding a +0 great sword.
You block the wight's attack. The wight barely misses you.
There is a stone staircase leading down here.
You closely miss the wight. Your headbutt misses the wight.
The wight completely misses you.
You slash the wight! Your headbutt misses the wight.
The wight is severely damaged.
The wight hits you with a +0 great sword!
You emit a cloud of foul miasma!
You barely miss the wight.
The wight is severely damaged.
The wight hits you with a +0 great sword!
You feel drained.
You hit the wight. Your headbutt misses the wight.
The wight is almost destroyed.
The wight closely misses you.
The wight hits you with a +4 morningstar!
Unknown command.
You slash the wight!
You destroy the wight!
Okawaru accepts your kill.
The wight hits you with a +4 morningstar!
You feel drained.
You emit a cloud of foul miasma!
You closely miss the wight. You headbutt the wight.
The wight is lightly damaged.
The wight hits you with a +5 morningstar!
* * * LOW HITPOINT WARNING * * *
You feel drained.
* * * LOW HITPOINT WARNING * * *
The wight hits you with a +4 morningstar!
* * * LOW HITPOINT WARNING * * *
You feel drained.
You die...

....#.#.#...#.#....#
..... #.....#......# #..
#...z<......# #.#
###.####>..### .
###.####..# #.###.# #..
.##...#...# #...#.#....
.........z####..........
...#.......##...zz......
...##......##..☼@$......
....#.....##............
+#..........#.##..##...#
#####...........#. #...
##..#.##....... .#
######.....#... . .#..
#.. .##.# ...


You could see 2 wights.

Vanquished Creatures
  A sky beast (D:6)
  A centaur (D:5)
  2 elf zombies (Ossuary)
  A kobold brigand (Sewer)
  2 necrophages
  2 scorpions
  A wight (D:7)
  6 hounds
  An orc priest (D:6)
  A human zombie (Ossuary)
  Jessica (D:2)
  3 iguanas (D:6)
  4 orc wizards
  A hound zombie (Ossuary)
  4 mummies (Ossuary)
  3 adders
  11 gnolls
  5 river rats
  A white imp (D:6)
  An ufetubus (D:4)
  An adder zombie (Ossuary)
  A worm (D:3)
  2 dart slugs
  16 orcs
  14 ball pythons
  4 bats
  9 endoplasms
  6 giant cockroaches
  5 goblins
  3 hobgoblins
  4 jackals (D:2)
  2 quokkas
  4 frilled lizards
  A goblin zombie (Ossuary)
  4 jackal zombies (Ossuary)
  32 kobolds
  A kobold zombie (Ossuary)
  An orc zombie (Ossuary)
  25 rats
187 creatures vanquished.

Vanquished Creatures (others)
  3 plants (D:5)
3 creatures vanquished.

Grand Total: 190 creatures vanquished

Notes
Turn   | Place    | Note
-------+----------+-------------------------------------------
     0 | D:1      | BritishOli the Demonspawn Fighter began the quest for the
                  | Orb.
     0 | D:1      | Reached XP level 1. HP: 18/18 MP: 1/1
   254 | D:1      | Found a faded altar of an unknown god.
   310 | D:1      | Gained mutation: You regenerate a little health from kills.
                  | [demonic ancestry]
   310 | D:1      | Reached XP level 2. HP: 13/24 MP: 2/2
  1088 | D:2      | Noticed Jessica
  1105 | D:2      | Killed Jessica
  1106 | D:2      | Discovered your monstrous ancestry.
  1106 | D:2      | Gained mutation: You have a pair of small horns on your
                  | head. [demonic ancestry]
  1106 | D:2      | Reached XP level 3. HP: 29/29 MP: 3/3
  1154 | D:2      | Found a snail-covered altar of Cheibriados.
  1267 | D:2      | Found a runed translucent door.
  1268 | D:2      | Noticed Crazy Yiuf
  1527 | D:2      | Gained mutation: Your touch may inflict minor irresistible
                  | damage on your foes. [demonic ancestry]
  1527 | D:2      | Reached XP level 4. HP: 31/35 MP: 4/4
  2454 | D:3      | Found Dim Kuubreo's Jewellery Shoppe.
  2710 | D:4      | Noticed a necrophage
  2716 | D:4      | Killed a necrophage
  2717 | D:4      | Reached skill level 4 in Fighting
  2717 | D:4      | Gained mutation: Your touch may inflict irresistible damage
                  | on your foes. [demonic ancestry]
  2717 | D:4      | Reached XP level 5. HP: 42/42 MP: 5/5
  2762 | D:4      | Found an ancient bone altar of Kikubaaqudgha.
  2887 | D:4      | Gained mutation: You may rarely emit foul miasma when
                  | damaged in melee. [demonic ancestry]
  2887 | D:4      | Reached XP level 6. HP: 48/48 MP: 6/6
  2910 | D:4      | Found a sand-covered staircase.
  2929 | Ossuary  | Entered an ossuary
  3265 | Ossuary  | Reached skill level 5 in Fighting
  3699 | D:4      | Found a blossoming altar of Fedhas.
  3700 | D:4      | Found a stormy altar of Qazlal.
  3924 | D:5      | Entered Level 5 of the Dungeon
  3933 | D:4      | Gained mutation: You sometimes emit foul miasma when
                  | damaged in melee. [demonic ancestry]
  3933 | D:4      | Reached XP level 7. HP: 42/56 MP: 7/7
  4799 | D:5      | Found a staircase to the Ecumenical Temple.
  4879 | D:5      | Reached skill level 5 in Long Blades
  4943 | Temple   | Entered the Ecumenical Temple
  4988 | Temple   | Became a worshipper of Warmaster Okawaru
  5260 | D:5      | Reached skill level 6 in Fighting
  5349 | D:5      | HP: 1/58 [ogre/+0 giant club (26)]
  5841 | D:6      | Reached XP level 8. HP: 37/65 MP: 8/8
  5982 | D:6      | Found a glowing drain.
  5991 | Sewer    | Entered a sewer
  6165 | Sewer    | Reached skill level 7 in Fighting
  6571 | D:6      | Noticed Sigmund
  6720 | D:6      | Found a hide-covered altar of Uskayaw.
  6955 | D:6      | Noticed Grinder
  6957 | D:6      | Noticed Dowan
  6957 | D:6      | Noticed Duvessa
  6968 | D:6      | Paralysed by Grinder for 2 turns
  7252 | D:7      | HP: 2/62 [wight/+4 morningstar (12)]
  7252 | D:7      | Slain by a wight

Illustrated notes

Levels and vault maps discovered:
D:1:      minmay_arrival_four_houses, layout_rooms,
          hellmonk_ecumenical_altar_crossroads
D:2:      layout_loops_ring, basic_altar, uniq_crazy_yiuf_cottage, uniq_jessica
D:3:      layout_loops_ring, serial_shops, shop
D:4:      layout_basic, kiku_gazebo_pond_becter,
          grunt_temple_overflow_forces_of_nature, enter_ossuary_1
D:5:      layout_loops_ring, mainiacjoe_overflow_concentric_impassable,
          minmay_temple_entry_overgrown, serial_bayou_ford_a,
          nicolae_figureground_sparkle
D:6:      layout_basic, mainiacjoe_overflow_alcove_4, portal_sewer_entry_b,
          minmay_hedge_maze, grunt_decor_mini_mirrors, uniq_duvessa,
          uniq_grinder, uniq_sigmund
D:7:      layout_cave_pools, yredelemnul_forgotten_temple_becter,
          kennysheep_mini, chequers_temple_overflow_minitemple,
          gammafunk_ghost_wrathful_warriors
Temple:   jpeg_temple_alley_garden

Skill      XL: |  1  2  3  4  5  6  7  8 |
---------------+-------------------------+-----
Long Blades    | 2 3 4 5 6 |  6.4
Armour         | 3 4 |  4.0
Shields        | 3 4 |  4.0
Fighting       | 4 5 6 7 |  7.4

Action                   |  1- 3 |  4- 6 |  7- 9 || total
-------------------------+-------+-------+-------++-------
Melee: Long sword        |   114 |   197 |   227 ||   538
       Headbutt          |     3 |    34 |    36 ||    73
  Use: Scroll            |       |       |     3 ||     3
Armor: Scale mail        |    72 |   114 |   117 ||   303
Dodge: Dodged            |    66 |   114 |   113 ||   293
Block: Buckler           |    36 |    49 |    58 ||   143

Table legend: (Time is in decaauts)
 A = Elapsed time spent in this place.
 B = Non-inter-level travel time spent in this place.
 C = Inter-level travel time spent in this place.
 D = Time resting spent in this place.
 E = Time spent auto-exploring this place.
 F = Levels seen in this place.
 G = Mean time per level.
                   A        B        C        D        E       F      G
               +--------+--------+--------+--------+--------+-----+--------+
         Total |   7395 |   6995 |    400 |   1282 |   4212 |  10 |  739.5 |
       Dungeon |   6230 |   5883 |    347 |   1282 |   3446 |   7 |  890.0 |
        Temple |    232 |    179 |     53 |      0 |    169 |   1 |  232.0 |
         Sewer |    448 |    448 |      0 |      0 |    256 |   1 |  448.0 |
       Ossuary |    483 |    483 |      0 |      0 |    341 |   1 |  483.0 |
               +--------+--------+--------+--------+--------+-----+--------+

Top non-repeatable levels by time:
     D:4: 1519 daAuts
     D:1: 1030 daAuts
     D:5: 1006 daAuts
     D:6: 931 daAuts
     D:2: 924 daAuts
     D:3: 760 daAuts
 Ossuary: 483 daAuts
   Sewer: 448 daAuts
  Temple: 232 daAuts
     D:7: 57 daAuts
